 Dungeon Crawl Stone Soup version 0.31-a0-803-g95b03c3367 (webtiles) character file.

Game seed: 2675712183481573451

106 Maratek the Ducker (level 4, 0/31 HPs)
             Began as an Octopode Fighter on Sept 21, 2023.
             Slain by a river rat (3 damage)
             ... on level 3 of the Dungeon.
             The game lasted 00:02:23 (1413 turns).

Maratek the Ducker (Octopode Fighter)               Turns: 1413, Time: 00:02:23

Health: 0/31       AC:  1    Str: 17    XL:     4   Next: 84%
Magic:  4/4        EV: 13    Int: 10    God:
Gold:   58         SH:  4    Dex: 11    Spells: 3/3 levels left

rFire   . . .        a - +0 war axe
rCold   . . .        b - +0 buckler
rNeg    . . .        (helmet restricted)
rPois   .            (no amulet)
rElec   .            j - ring of resist corrosion
rCorr   +            (no ring)
SInv    .            (no ring)
Will    .....        (no ring)
Stlth   ++++         (no ring)
HPRegen 0.25/turn    (no ring)
MPRegen 0.09/turn    (no ring)
                     (no ring)

%: no passive effects
@: no status effects
A: almost no armour, amphibious, 8 rings, camouflage 1, gelatinous body 1,
nimble swimmer 1, tentacles
a: no special abilities


You were on level 3 of the Dungeon.
You visited 1 branch of the dungeon, and saw 3 of its levels.

You collected 58 gold pieces.

Inventory:

Hand Weapons
 a - a +0 war axe (weapon)
Armour
 b - a +0 buckler (worn)
Jewellery
 j - a ring of resist corrosion (left tentacle)
Scrolls
 f - a scroll of teleportation
 h - a scroll of fog
 i - a scroll of fear
Potions
 c - 2 potions of might
 d - a potion of curing {unknown}
 g - a potion of brilliance {unknown}
 k - a potion of ambrosia {unknown}


   Skills:
 + Level 3.5 Fighting
 + Level 3.3 Axes
 + Level 3.5 Dodging
 + Level 2.0 Stealth
 + Level 3.3 Shields


You had 3 spell levels left.
You didn't know any spells.
Your spell library contained the following spells:

 Spells                   Type           Power      Damage    Failure   Level
 Magic Dart               Conj           0%         1d3       43%         1
 Searing Ray              Conj           0%         2d4       58%         2
 Sublimation of Blood     Necr           0%         N/A       58%         2
 Wereblood                Tmut           0%         N/A       58%         2
 Fulminant Prism          Conj/Hex       0%         3d5       99%         4
 Summon Hydra             Summ           0%         N/A       100%        7


Dungeon Overview and Level Annotations

Branches:
Dungeon (3/15)

Altars:
Cheibriados
Uskayaw

Annotations:
D:2 Robin


Innate Abilities, Weirdness & Mutations

You cannot wear most types of armour.
You are amphibious.
You can wear up to eight rings at the same time.
Your skin changes colour to match your surroundings (Stealth+).
Your rubbery body absorbs attacks. (AC +1, EV +1)
You are camouflaged when in or above water. (Stealth+)
You have tentacles for arms and can constrict up to eight enemies at once.


Message History

The river rat bites you!
You slash the worm!
You kill the worm!
You closely miss the river rat. The adder bites you. The river rat bites you.
You miss the adder. Your grab misses the adder. You hit the river rat.
The adder barely misses you. The river rat barely misses you.
You block the adder's attack. You block the river rat's attack.
You closely miss the river rat. Your grab misses the river rat.
The river rat is severely wounded.
You slash the adder! The adder misses you. The river rat misses you.
The adder closely misses you.
You barely miss the river rat. Your grab misses the river rat.
The river rat is severely wounded.
You barely miss the adder. The adder bites you. The river rat bites you!
* * * LOW HITPOINT WARNING * * *
You block the adder's attack.
You are too injured to fight recklessly!
You are too injured to fight recklessly!
You miss the adder. Your grab misses the adder.
The adder is severely wounded.
You barely miss the river rat. You block the river rat's attack.
The adder bites you but does no damage.
The river rat bites you but does no damage.
You block the adder's attack.
You miss the adder. Your grab misses the adder.
The adder is severely wounded.
You hit the river rat but do no damage. The adder barely misses you.
The river rat bites you.
* * * LOW HITPOINT WARNING * * *
You miss the adder. Your grab misses the adder.
The adder is severely wounded.
You hit the river rat but do no damage. The adder closely misses you.
The river rat misses you. The adder bites you.
* * * LOW HITPOINT WARNING * * *
You miss the adder. Your grab misses the adder.
The adder is severely wounded.
You hit the river rat but do no damage. The adder bites you but does no damage.
The river rat barely misses you. The adder closely misses you.
The river rat bites you.
You die...

##.###.......... .#.
#.............. ..##
.....~..:..>... ..#
#..~~~~~.~.#.#######.#
####~#~#~~#.##......#
#~~~~†~~~~#....^....)
#~########...........
#~~~~~~# ##.........#
####@#~# #.##......#
#~~rS# # #.####.##.#
#~##r# ##.####..#.# #
~r# #.........). ~##
#..###....†. #~
#.........8. #~
#.#####..... ## ##
#..8.. #.....


You could see an adder, 2 river rats and a rat.

Vanquished Creatures
  An iguana (D:3)
  An adder (D:2)
  A river rat (D:3)
  5 worms
  An orc (D:3)
  5 endoplasms
  4 giant cockroaches
  5 goblins
  4 hobgoblins
  3 jackals (D:2)
  2 quokkas
  3 ball pythons
  2 bats
  4 frilled lizards
  4 rats
45 creatures vanquished.

Notes
Turn   | Place    | Note
-------+----------+-------------------------------------------
     0 | D:1      | Maratek the Octopode Fighter began the quest for the Orb.
     0 | D:1      | Reached XP level 1. HP: 16/16 MP: 1/1
   186 | D:1      | Reached XP level 2. HP: 21/21 MP: 2/2
   777 | D:2      | Found a snail-covered altar of Cheibriados.
   840 | D:2      | Reached XP level 3. HP: 26/26 MP: 3/3
   844 | D:2      | Reached skill level 1 in Stealth
  1060 | D:2      | Noticed Robin
  1177 | D:3      | Found a hide-covered altar of Uskayaw.
  1181 | D:3      | Reached XP level 4. HP: 5/31 MP: 4/4
  1413 | D:3      | Slain by a river rat

Illustrated notes

Levels and vault maps discovered:
D:1:      spicycebolla_arrival_clurvy, layout_loops_cross, minmay_misc_feat_x
D:2:      layout_rooms, basic_altar, uniq_robin
D:3:      layout_loops_ring, nicolae_uskayaw_dance_hall,
          chequers_temple_overflow_statue_of_worship, lightli_sewer_entry_pipes,
          uniq_natasha

Skill      XL: |  1  2  3  4 |
---------------+-------------+-----
Stealth        | 1 2 |  2.0
Axes           | 3 |  3.3
Fighting       | |  3.5
Dodging        | |  3.5
Shields        | |  3.3

Action                     |  1- 3 |  4- 6 || total
---------------------------+-------+-------++-------
  Melee: War axe           |    62 |    20 ||    82
         Constrict         |    18 |     5 ||    23
         Tentacles         |     8 |     4 ||    12
    Use: Scroll            |       |     5 ||     5
   Stab: Sleeping          |     6 |       ||     6
 Armour: Skin              |    25 |    13 ||    38
  Dodge: Dodged            |    40 |    13 ||    53
  Block: Buckler           |    12 |     6 ||    18

Table legend: (Time is in decaauts)
 A = Elapsed time spent in this place.
 B = Non-inter-level travel time spent in this place.
 C = Inter-level travel time spent in this place.
 D = Time resting spent in this place.
 E = Time spent auto-exploring this place.
 F = Levels seen in this place.
 G = Mean time per level.
                   A        B        C        D        E       F      G
               +--------+--------+--------+--------+--------+-----+--------+
         Total |   1445 |   1382 |     63 |    215 |    864 |   3 |  481.7 |
       Dungeon |   1445 |   1382 |     63 |    215 |    864 |   3 |  481.7 |
               +--------+--------+--------+--------+--------+-----+--------+

Top non-repeatable levels by time:
     D:1: 727 daAuts
     D:2: 365 daAuts
     D:3: 352 daAuts
